 Dungeon Crawl Stone Soup version 0.18.1-8-gdd0e5ea (webtiles) character file.

13 juanjsm the Insei (level 2, 0/18 HPs)
             Began as an Octopode Transmuter on June 7, 2016.
             Slain by a giant gecko (4 damage)
             ... on level 1 of the Dungeon.
             The game lasted 00:01:50 (171 turns).

juanjsm the Insei (Octopode Transmuter)              Turns: 171, Time: 00:01:52

Health: 0/18       AC:  1    Str:  9    XL:     2   Next: 37%
Magic:  4/5        EV: 12    Int: 15    God:
Gold:   0          SH:  0    Dex: 12    Spells: 2 memorised, 2 levels left

rFire  . . .     SeeInvis .       - Unarmed
rCold  + . .     Gourm    .     (no shield)
rNeg   . . .     Faith    .     (helmet restricted)
rPois  .         Spirit   .     (no amulet)
rElec  .         Dismiss  .     d - ring of protection from cold
rCorr  .         Reflect  .     (no ring)
SustAt .         Harm     .     (no ring)
MR     .....                    (no ring)
Stlth  ++........               (no ring)
                                (no ring)
                                (no ring)
                                (no ring)

@: appendage, not resistant to hostile enchantments, unstealthy
A: almost no armour, amphibious, 8 rings, constrict 8, tentacle spike 3,
camouflage 1, gelatinous body 1
a: End Transformation


You were on level 1 of the Dungeon.
You were not hungry.
One of your tentacles had a temporary spike.
You visited 1 branch of the dungeon, and saw 2 of its levels.

Inventory:

Missiles
 a - 12 arrows
Jewellery
 d - a ring of protection from cold (left tentacle)
Scrolls
 e - 2 scrolls of identify {unknown}
Books
 b - a book of Changes

   Spells                             Type                      Level
   a - Beastly Appendage              Transmutation                1
   b - Sticks to Snakes               Transmutation                2
   c - Spider Form                    Transmutation/Poison         3
   d - Ice Form                       Ice/Transmutation            4
   e - Blade Hands                    Transmutation                5
Comestibles
 c - 2 bread rations
 f - 6 chunks of flesh


   Skills:
 + Level 1.1 Fighting
 + Level 2.0 Dodging
 + Level 0.4 Stealth
 + Level 3.4 Unarmed Combat
 + Level 2.1 Spellcasting
 + Level 2.1 Transmutations


You had 2 spell levels left.
You knew the following spells:

 Your Spells              Type           Power        Failure   Level  Hunger
a - Beastly Appendage     Trmt           #.....       12%         1    #......
b - Sticks to Snakes      Trmt           #.......     14%         2    ###....


Dungeon Overview and Level Annotations

Branches:
Dungeon (2/15)

Altars:


Innate Abilities, Weirdness & Mutations

You cannot wear most types of armour.
You are amphibious.
You can wear up to eight rings at the same time.
You can use your tentacles to constrict eight enemies at once.
Your skin changes colour to match your surroundings (Stealth).
Your rubbery body absorbs attacks (AC +1).
One of your tentacles bears a large vicious spike.


Message History

A giant gecko comes into view.
No target in view!
The giant gecko is too close now for your liking.
Casting: Beastly Appendage
Confirm with . or Enter, or press ? or * to list all spells.
One of your tentacles grows a vicious spike.
An ooze comes into view.
The giant gecko barely misses you.
You closely miss the giant gecko. You grab the giant gecko.
You pierce the giant gecko, but do no damage.
You constrict the giant gecko.
The ooze quivers.
The giant gecko bites you. x2
You tentacle-slap the ooze.
The ooze is moderately wounded.
You constrict the giant gecko, but do no damage.
The ooze hits you.
* * * LOW HITPOINT WARNING * * *
The giant gecko bites you.
You die...

#...>#######.........
#........# #.#....###
#...#+#.###.###.....##
#... #.# #.....###.#
### #.#######.# #.#
#.......#.# #.#
#.....#.#.# #.#
#.....#.#.###.###
#@#####.#.#.....#
......lJ....#.#...#.#.#
..........#.#.#.#...#.#
..........# #.#######.#
..........# #.# #...).#
......#+#.. #.# #.#####
...... ##.#.# #.#
###### .#.# #.#
#.###.#####


You could see an ooze and a giant gecko.

Vanquished Creatures
  A dart slug (D:1)
  A goblin (D:1)
  A hobgoblin (D:1)
  4 jackals (D:1)
  A bat (D:1)
  A giant newt (D:1)
  A rat (D:1)
10 creatures vanquished.

Notes
Turn   | Place    | Note
--------------------------------------------------------------
     0 | D:1      | juanjsm the Octopode Transmuter began the quest for the Orb.
     0 | D:1      | Reached XP level 1. HP: 13/13 MP: 3/3
    68 | D:1      | Reached XP level 2. HP: 16/18 MP: 3/5
    79 | D:1      | Learned a level 2 spell: Sticks to Snakes
   171 | D:1      | Slain by a giant gecko

Action                   || total
-------------------------++-------
Melee: Unarmed           ||    25
       Constrict         ||     6
       Kick              ||     7
       Tentacles         ||     5
 Cast: Beastly Appendage ||     5
 Stab: Sleeping          ||     1
Armor: Skin              ||     1
Dodge: Dodged            ||    12
